[Event "Early-Titled-Tuesday-Blitz-January-16-2024"]
[Site "Chess.com"]
[Date "2024.01.16"]
[Round "1"]
[White "Smiechu"]
[Black "Kiborg95"]
[Result "0-1"]
[WhiteElo "2473"]
[BlackElo "2869"]
[TimeControl "180+1"]
[EndTime "8:04:26 PST"]
[Termination "Kiborg95 won by resignation"]

1. e4 d6 2. d4 Nf6 3. Nc3 Nbd7 4. Nf3 e5 5. g4 h6 6. Rg1 c6 7. Bc4 exd4 8. Qxd4 Qb6 9. Qd1 Nc5 10. g5 Nfxe4 11.
Nxe4 Nxe4 12. Be3 Qb4+ 13. Nd2 Nxd2 14. Bxf7+ Kxf7 15. Bxd2 Qe4+ 16. Be3 hxg5 17. Qd2 Bg4 18. f3 Bxf3 19. Rf1 g4 0-1

[Event "Early-Titled-Tuesday-Blitz-January-16-2024"]
[Site "Chess.com"]
[Date "2024.01.16"]
[Round "1"]
[White "AndresDelgado77"]
[Black "Buzhizhebuguai"]
[Result "1-0"]
[WhiteElo "2379"]
[BlackElo "2670"]
[TimeControl "180+1"]
[EndTime "8:04:31 PST"]
[Termination "AndresDelgado77 won by resignation"]

1. e4 c6 2. d4 d5 3. Nc3 dxe4 4.
Nxe4 Bf5 5. Ng3 Bg6 6. h4 h6 7. Nf3 Nd7 8. h5 Bh7 9. Bd3 Bxd3 10. Qxd3 Qc7 11. Bd2 O-O-O 12. Ne4 e6 13. O-O-O Ngf6 14. g3 Nxe4 15. Qxe4 Nf6 16. Qe2 c5 17. dxc5 Bxc5 18.
Bf4 Bd6 19. Rxd6 Rxd6 20. Ne5 Nd5 21. Nxf7 Nxf4 22. Nxd6+ Qxd6 23. Qc4+ Qc6 24. Qxc6+ bxc6 25. gxf4 Rf8 26. Rg1 Rf7 27. Kd2 Rxf4 28. Rxg7 Rxf2+ 29. Kc3 Rh2 30. Rxa7 Rxh5 31. Re7 e5 32. b4 Kd8 33. Rh7 Rh4 34. a4 e4 35. a5 e3 36. a6 e2 37. Kd2 Rxb4 38. a7 Ra4 39. a8=Q+ Rxa8 40. Rh8+ 1-0

[Event "Early-Titled-Tuesday-Blitz-January-16-2024"]
[Site "Chess.com"]
[Date "2024.01.16"]
[Round "1"]
[White "masterofpuppets2"]
[Black "GHANDEEVAM2003"]
[Result "0-1"]
[WhiteElo "2518"]
[BlackElo "3007"]
[TimeControl "180+1"]
[EndTime "8:04:32 PST"]
[Termination "GHANDEEVAM2003 won by resignation"]

1. d4 Nf6 2. c4 d6 3. Nc3 Nbd7 4. e4 g6 5. Be3 Bg7 6. f3 e5 7. d5 a5 8. Bd3 Nc5 9. Bc2 Nh5 10. Qd2 f5 11.
exf5 gxf5 12. Nge2 O-O 13. O-O-O Kh8 14. Rhg1 Qh4 15.
b3 a4 16. Bg5 Qxh2 17. Rh1 Qxg2 18. Rxh5 axb3 19. axb3 Ra1+ 20. Kb2 Rxd1 21. Bxd1 e4 22. Nc1 exf3 23. Rh2 Bxc3+ 24. Kxc3 Ne4+ 25. Kc2 Nxd2 0-1

[Event "Early-Titled-Tuesday-Blitz-January-16-2024"]
[Site "Chess.com"]
[Date "2024.01.16"]
[Round "1"]
[White "knightinshiningarmour16"]
[Black "YoreDea"]
[Result "0-1"]
[WhiteElo "2192"]
[BlackElo "2586"]
[TimeControl "180+1"]
[EndTime "8:04:32 PST"]
[Termination "YoreDea won by checkmate"]

1. e4 e6 2. d4 d5 3. exd5 exd5 4. Nf3 Nc6 5. c3 Bd6 6. Bd3 Bg4 7. O-O Qf6 8. Be2 Nge7 9. h3 h5 10. Bg5 Qg6 11.
Qd2 f6 12. Be3 Bxh3 13. Nh4 Qe4 14. g3 Bxf1 15. Bxf1 g5 16. Bd3 Qe6 17. Ng6 Nxg6 18. Bxg6+ Kd7 19. Qd3 Ne7 20. Qc2 h4 21. gxh4 Rxh4 22.
Nd2 Qg4+ 23. Kf1 Rh1# 0-1

[Event "Early-Titled-Tuesday-Blitz-January-16-2024"]
[Site "Chess.com"]
[Date "2024.01.16"]
[Round "1"]
[White "GMRAVEN_ON_YOUTUBE"]
[Black "Alex_Terzi"]
[Result "1-0"]
[WhiteElo "2821"]
[BlackElo "2444"]
[TimeControl "180+1"]
[EndTime "8:04:34 PST"]
[Termination "GMRAVEN_ON_YOUTUBE won by checkmate"]

1. f4 d5 2. Nf3 Nf6 3. e3 e6 4. b3 Be7 5. Bb2 O-O 6. Rg1 Nc6 7. g4 Ne4 8. g5 f5 9. d3 Nc5 10. Nbd2 Bd6 11. Qe2 a6 12. O-O-O a5 13. a3 a4 14. b4 Na6 15. b5 Nc5 16. bxc6 bxc6 17. Ne5 Bd7 18. g6 h6 19. Nf7 Qc8 20. Qh5 Rb8 21. Qxh6 gxh6 22. Nxh6# 1-0

[Event "Early-Titled-Tuesday-Blitz-January-16-2024"]
[Site "Chess.com"]
[Date "2024.01.16"]
[Round "1"]
[White "Nasrin_Babayeva"]
[Black "Leebit02"]
[Result "0-1"]
[WhiteElo "1825"]
[BlackElo "2550"]
[TimeControl "180+1"]
[EndTime "8:04:38 PST"]
[Termination "Leebit02 won by resignation"]

1. c4 e6 2. g3 d5 3. Bg2 Nf6 4. Nf3 d4 5. e3 c5 6. exd4 cxd4 7. O-O Nc6 8. Re1 Bd6 9. b3 O-O 10. Bb2 e5 11. d3 Re8 12. Nbd2 Bf5 13. Nf1 h6 14. a3 a5 15. Rc1 Bc5 16. Nh4 Bh7 17. Bxc6 bxc6 18. Nf3 Qd6 19. Ra1 Rad8 20. Rb1 e4 21.
dxe4 Nxe4 22. Ra1 d3 23. N1d2 0-1

[Event "Early-Titled-Tuesday-Blitz-January-16-2024"]
[Site "Chess.com"]
[Date "2024.01.16"]
[Round "1"]
[White "Tolyanius"]
[Black "rezamahdavi2008"]
[Result "0-1"]
[WhiteElo "2461"]
[BlackElo "2851"]
[TimeControl "180+1"]
[EndTime "8:04:40 PST"]
[Termination "rezamahdavi2008 won by resignation"]

1. e4 c5 2. Nf3 Nc6 3. Bb5 e6 4. O-O Nge7 5. Re1 Nd4 6. a4 a6 7.
Bf1 Nec6 8. Nxd4 cxd4 9. Na3 Bc5 10. Nc4 O-O 11. d3 Rb8 12. Bf4 d6 13. e5 d5 14.
Nd2 b5 15. axb5 Rxb5 16. Nb3 Bb4 17. Bd2 Bxd2 18. Qxd2 Qb6 19. Ra4 Bb7 20. h4 Rb8 21. h5 h6 22. g4 Qd8 23. Rea1 Nxe5 24.
Be2 Nc6 25. R1a2 Bc8 26. Nxd4 Nxd4 27. Rxd4 Rxb2 28. Rxb2 Rxb2 29. Bf3 Qc7 30. Bd1 Bd7 31. Qc1 Qc3 32. Rf4 Ra2 33. Qe3 Ra1 34. Qe2 a5 35. Kg2 a4 36. Qf3 Be8 37. Qg3 Rxd1 0-1

[Event "Early-Titled-Tuesday-Blitz-January-16-2024"]
[Site "Chess.com"]
[Date "2024.01.16"]
[Round "1"]
[White "wonderfultime"]
[Black "FM_VS99"]
[Result "1-0"]
[WhiteElo "2998"]
[BlackElo "2515"]
[TimeControl "180+1"]
[EndTime "8:04:46 PST"]
[Termination "wonderfultime won by resignation"]

1. d4 Nf6 2. Nf3 g6 3. Bg5 Bg7 4. Nbd2 O-O 5. c3 d6 6. e4 c5 7. dxc5 dxc5 8. Bc4 Nc6 9. Qe2 Ng4 10. O-O Nge5 11.
Bd5 h6 12. Bh4 g5 13. Bg3 Bg4 14. h3 Bh5 15. Rad1 e6 16. Bxc6 bxc6 17. Bxe5 Bxe5 18. g4 1-0

[Event "Early-Titled-Tuesday-Blitz-January-16-2024"]
[Site "Chess.com"]
[Date "2024.01.16"]
[Round "1"]
[White "MikaelyanArman"]
[Black "GMFYHR1"]
[Result "1-0"]
[WhiteElo "2856"]
[BlackElo "2460"]
[TimeControl "180+1"]
[EndTime "8:04:46 PST"]
[Termination "MikaelyanArman won by resignation"]

1. d4 d5 2. c4 c6 3. Nf3 Nf6 4.
e3 Bf5 5. Nc3 e6 6. Nh4 Be4 7.
f3 Bg6 8. Bd2 Bd6 9. Qb3 Qc7 10.
O-O-O Nbd7 11. Nxg6 hxg6 12. g4 Rxh2 13. Rxh2 Bxh2 14. g5 Nh5 15. f4 f6 16. Bd3 Nf8 17. gxf6 gxf6 18. Rh1 Bg3 19. Ne2 e5 20. cxd5 cxd5+ 21.
Kb1 Kd8 22. Qxd5+ Qd7 23. Ba5+ Ke7 24. Bb4+ Ke8 25. Bb5 1-0

[Event "Early-Titled-Tuesday-Blitz-January-16-2024"]
[Site "Chess.com"]
[Date "2024.01.16"]
[Round "1"]
[White "alexrustemov"]
[Black "TrompeterImEther"]
[Result "1-0"]
[WhiteElo "2875"]
[BlackElo "2477"]
[TimeControl "180+1"]
[EndTime "8:04:48 PST"]
[Termination "alexrustemov won by resignation"]

1. d4 Nf6 2. c4 g6 3. Nf3 Bg7 4. g3 O-O 5. Bg2 c6 6. b3 d5 7. Bb2 Bf5 8. O-O Nbd7 9. e3 a5 10. Nc3 Ne4 11. Rc1 Ndf6 12. Nh4 Nxc3 13. Bxc3 Be6 14.
Qe2 a4 15. Bb4 Re8 16. Nf3 Ne4 17. Nd2 Nxd2 18. Qxd2 Bf5 19. cxd5 cxd5 20. bxa4 Rxa4 21. a3 e6 22. h3 h5 23. Qe2 Qd7 24. g4 hxg4 25. hxg4 Be4 26. f3 e5 27. fxe4 exd4 28. exd4 dxe4 29. Rcd1 Bxd4+ 30. Kh1 Qd8 31. Qe1 e3 32.
Rf4 e2 33. Rdxd4 Qc7 34. Rfe4 Rxe4 35. Rxe4 1-0

[Event "Early-Titled-Tuesday-Blitz-January-16-2024"]
[Site "Chess.com"]
[Date "2024.01.16"]
[Round "1"]
[White "Zhigalko_Sergei"]
[Black "tomesao"]
[Result "1-0"]
[WhiteElo "2949"]
[BlackElo "2507"]
[TimeControl "180+1"]
[EndTime "8:04:49 PST"]
[Termination "Zhigalko_Sergei won by resignation"]

1. e4 c6 2. d4 d5 3. e5 Bf5 4.
Nf3 e6 5. Be2 c5 6. Be3 Qb6 7. Nc3 Nc6 8. dxc5 Bxc5 9. Bxc5 Qxc5 10. Nb5 Nge7 11. Nc7+ Kd7 12. Nxa8 Rxa8 13. c3 h6 14. O-O g5 15. Qa4 a6 16. Nd4 Rg8 17.
Rad1 g4 18. Nxf5 Nxf5 19. Bxg4 Nh4 20. Bxe6+ fxe6 21. Qxh4 Nxe5 22. Kh1 Qb5 23. b3 Qa5 24. c4 1-0

[Event "Early-Titled-Tuesday-Blitz-January-16-2024"]
[Site "Chess.com"]
[Date "2024.01.16"]
[Round "1"]
[White "doctorcristian"]
[Black "DonJuanEGenaro"]
[Result "1-0"]
[WhiteElo "2551"]
[BlackElo "1862"]
[TimeControl "180+1"]
[EndTime "8:04:49 PST"]
[Termination "doctorcristian won by resignation"]

1. d4 Nf6 2. Nc3 c5 3. d5 e6 4. e4 exd5 5. e5 d4 6. exf6 dxc3 7. Qe2+ Be7 8. Qxe7+ Qxe7+ 9. fxe7 cxb2 10. Bxb2 f6 11.
O-O-O Kxe7 12. Bc4 Nc6 13. Nf3 d6 14. Rhe1+ Kd7 15.
Nd2 Kc7 16. Ne4 Rd8 17. Rd2 Bf5 18. Nc3 a6 19. a4 b6 20. Nd5+ Kb7 21. Ne3 Bg6 22.
Red1 b5 23. Bd5 Kb6 24. Bf3 Kc7 25. Nd5+ Kb7 26. Ne7 1-0

[Event "Early-Titled-Tuesday-Blitz-January-16-2024"]
[Site "Chess.com"]
[Date "2024.01.16"]
[Round "1"]
[White "luckyswitchback"]
[Black "Garbaranza"]
[Result "0-1"]
[WhiteElo "2723"]
[BlackElo "2418"]
[TimeControl "180+1"]
[EndTime "8:04:51 PST"]
[Termination "Garbaranza won by resignation"]

1. e4 e5 2. Nf3 Nc6 3. Bb5 f5 4. exf5 e4 5. Qe2 Qe7 6. Bxc6 dxc6 7. Nd4 Nh6 8. Nc3 Nxf5 9. Nxf5 Bxf5 10. O-O O-O-O 11.
Re1 Re8 12. b3 Qe5 13. Bb2 Bd6 14. g3 Qe6 15. Qc4 Qg6 16. Ne2 h5 17. Qd4 h4 18.
Qxg7 Qh5 19. Qxh8 Rxh8 20. Bxh8 Qxh8 21. Nc3 hxg3 22. fxg3 Bc5+ 23. Kg2 Qh3+ 24. Kh1 Bg4 0-1

[Event "Early-Titled-Tuesday-Blitz-January-16-2024"]
[Site "Chess.com"]
[Date "2024.01.16"]
[Round "1"]
[White "Tejas_Rama"]
[Black "pfalcon1949"]
[Result "1-0"]
[WhiteElo "2556"]
[BlackElo "1966"]
[TimeControl "180+1"]
[EndTime "8:04:59 PST"]
[Termination "Tejas_Rama won by resignation"]

1. d4 Nf6 2. c4 e6 3. Nf3 d5 4. Nc3 Be7 5. Bf4 O-O 6. e3 c5 7.
dxc5 Qa5 8. a3 dxc4 9. Bxc4 Qxc5 10. Qe2 a6 11. O-O Bd7 12. Rac1 Bc6 13. Bd3 Qh5 14.
Ne5 Qxe2 15. Bxe2 Rc8 16. Na4 Nfd7 17. Nxc6 Nxc6 18. Rfd1 Rd8 19. Bc7 Nf6 20. Bxd8 Bxd8 21. Bf3 Na5 22. b4 b6 1-0

[Event "Early-Titled-Tuesday-Blitz-January-16-2024"]
[Site "Chess.com"]
[Date "2024.01.16"]
[Round "1"]
[White "vi_pranav"]
[Black "only_strong_moves"]
[Result "1-0"]
[WhiteElo "3051"]
[BlackElo "2533"]
[TimeControl "180+1"]
[EndTime "8:05:01 PST"]
[Termination "vi_pranav won by checkmate"]

1. e4 e5 2. Nf3 Nc6 3. Bb5 Nf6 4.
O-O Nxe4 5. Re1 Nd6 6. Nxe5 Be7 7. Bf1 Nxe5 8. Rxe5 O-O 9. Nc3 Bf6 10. Re1 c6 11. d4 Nf5 12. d5 d6 13. Ne4 Be7 14. Bf4 cxd5 15. Qxd5 Be6 16. Qd2 h6 17. Rad1 d5 18.
Ng3 Nxg3 19. hxg3 Bf6 20. c3 d4 21. c4 Qb6 22. Bd3 g5 23. Be5 Bxe5 24. Rxe5 Rad8 25. Rxg5+ hxg5 26. Qxg5+ Kh8 27. Qh6+ Kg8 28. Qh7# 1-0

[Event "Early-Titled-Tuesday-Blitz-January-16-2024"]
[Site "Chess.com"]
[Date "2024.01.16"]
[Round "1"]
[White "UNSTOPPABLE_LEGEND"]
[Black "artooon"]
[Result "0-1"]
[WhiteElo "2510"]
[BlackElo "2963"]
[TimeControl "180+1"]
[EndTime "8:05:01 PST"]
[Termination "artooon won by resignation"]

1. Nf3 Nf6 2. c4 c5 3. Nc3 Nc6 4. g3 g6 5. d4 cxd4 6. Nxd4 Bg7 7. Bg2 O-O 8. O-O Nxd4 9. Qxd4 d6 10. Qd3 Bf5 11. e4 Be6 12. b3 a5 13. Bb2 Nd7 14.
Kh1 Nc5 15. Qd2 a4 16. b4 a3 17. bxc5 axb2 18. Qxb2 dxc5 19. Qb3 Qd3 20. Rfc1 Bxc4 21.
Qb2 b5 22. Kg1 b4 23. Bf1 bxc3 24. Qb7 Ba6 25. Qxe7 Qd8 26. Qxc5 Bxf1 27. Rxf1 Qd3 28. Rfe1 Rfc8 29. Qb4 c2 30. Rac1 Bc3 31. Qb3 Rab8 32. Qa3 Qd4 0-1

[Event "Early-Titled-Tuesday-Blitz-January-16-2024"]
[Site "Chess.com"]
[Date "2024.01.16"]
[Round "1"]
[White "KChor05"]
[Black "Konavets"]
[Result "0-1"]
[WhiteElo "2546"]
[BlackElo "3166"]
[TimeControl "180+1"]
[EndTime "8:05:02 PST"]
[Termination "Konavets won by resignation"]

1. e4 c5 2. Nf3 d6 3. d4 Nf6 4. Nc3 cxd4 5. Nxd4 Bd7 6. Be2 g6 7. Be3 Bg7 8. Qd2 Nc6 9. O-O-O Rc8 10. Kb1 Ne5 11.
f3 h5 12. h4 a6 13. Nd5 Nxd5 14. exd5 b5 15. Rdg1 Qc7 16. g4 Nc4 17. Bxc4 Qxc4 18.
Nb3 hxg4 19. fxg4 Bxg4 20. Bd4 Bxd4 21. Rxg4 Qxd5 22. Re1 Rc4 23. Nxd4 e5 24. Qf2 Kd7 25. Qf6 Re8 26. b3 Rxd4 27. Rxd4 exd4 28. Rd1 Re4 0-1

[Event "Early-Titled-Tuesday-Blitz-January-16-2024"]
[Site "Chess.com"]
[Date "2024.01.16"]
[Round "1"]
[White "NewBornNow"]
[Black "Chernyavsky_A"]
[Result "1-0"]
[WhiteElo "2778"]
[BlackElo "2412"]
[TimeControl "180+1"]
[EndTime "8:05:03 PST"]
[Termination "NewBornNow won on time"]

1. e4 e6 2. d4 d5 3. exd5 exd5 4. Nf3 Bd6 5. c4 Nf6 6. c5 Be7 7. Nc3 b6 8. Be3 Ng4 9. Bf4 bxc5 10. Qa4+ Bd7 11. Bb5 c6 12. Be2 cxd4 13. Nxd4 O-O 14. Bxg4 Bxg4 15. Bxb8 Qxb8 16. Nxc6 Qxb2 17. Nxe7+ Kh8 18.
O-O Qxc3 19. Qxg4 1-0

[Event "Early-Titled-Tuesday-Blitz-January-16-2024"]
[Site "Chess.com"]
[Date "2024.01.16"]
[Round "1"]
[White "TangerineandLemon25"]
[Black "AlexandraSamaganova"]
[Result "1-0"]
[WhiteElo "2645"]
[BlackElo "2307"]
[TimeControl "180+1"]
[EndTime "8:05:03 PST"]
[Termination "TangerineandLemon25 won by resignation"]

1. b3 c5 2. Bb2 Nf6 3. d3 e6 4. e4 Nc6 5. Nd2 Be7 6. Ngf3 O-O 7. g3 d5 8. Bg2 d4 9. O-O e5 10. Nc4 Qc7 11. a4 b6 12. Nh4 a6 13. f4 Ng4 14. Nf5 Nf6 15. fxe5 Nxe5 16. Nxb6 Bxf5 17. Nxa8 Rxa8 18. Rxf5 Rb8 19. Qe2 h6 20. Raf1 Rb6 21. Bc1 Re6 22. Bf4 Bd6 23. Bxh6 Neg4 24. Bxg7 Kxg7 25. Rg5+ Kf8 26. Rxg4 Nxg4 27. Qxg4 Be5 28. Qxe6 1-0

[Event "Early-Titled-Tuesday-Blitz-January-16-2024"]
[Site "Chess.com"]
[Date "2024.01.16"]
[Round "1"]
[White "SaqoChess_Twitch"]
[Black "FranciscodelaF"]
[Result "1-0"]
[WhiteElo "2606"]
[BlackElo "2239"]
[TimeControl "180+1"]
[EndTime "8:05:03 PST"]
[Termination "SaqoChess_Twitch won by resignation"]

1. d4 d5 2. c4 c6 3. Nc3 Nf6 4. e3 Bf5 5. cxd5 cxd5 6. Qb3 Qb6 7. Nxd5 Qxb3 8. Nxf6+ exf6 9. axb3 Bb4+ 10. Bd2 Nc6 11.
Bb5 Bxd2+ 12. Kxd2 Kd7 13. Ne2 a6 14. Bd3 Be6 15.
Bc4 Bf5 16. f3 Kd6 17. e4 Bg6 18. Rhc1 Rhd8 19. Ke3 Ke7 20. Bd5 Rd6 21. Bxc6 Rxc6 22. Rxc6 bxc6 23. Ra3 Kd7 24. Nf4 Ke7 25. Nd3 h6 26.
Nc5 a5 27. Nb7 h5 28. Nxa5 Kd6 29. Nc4+ 1-0

[Event "Early-Titled-Tuesday-Blitz-January-16-2024"]
[Site "Chess.com"]
[Date "2024.01.16"]
[Round "1"]
[White "j2806"]
[Black "Kostya0705"]
[Result "0-1"]
[WhiteElo "2072"]
[BlackElo "2562"]
[TimeControl "180+1"]
[EndTime "8:05:06 PST"]
[Termination "Kostya0705 won by resignation"]

1. e4 c5 2. Nf3 e6 3. d4 cxd4 4. Nxd4 Nc6 5. Nc3 Qc7 6. Nb3 a6 7. Be3 b5 8. Bd3 Bb7 9. O-O Nf6 10. Qe1 Be7 11. f4 d6 12. Qg3 O-O 13. Rae1 b4 14.
Nd1 a5 15. Nf2 a4 16. Nd4 Ra5 17. Ng4 Nxg4 18. Qxg4 Nxd4 19. Bxd4 e5 20. fxe5 dxe5 21. Be3 Bc5 22. Rf3 g6 23. Kh1 Bxe3 24. Rexe3 b3 25. axb3 axb3 26. c3 Ra1+ 27. Rf1 Ra2 28. Re2 Rd8 29.
Rf3 Ra1+ 0-1

[Event "Early-Titled-Tuesday-Blitz-January-16-2024"]
[Site "Chess.com"]
[Date "2024.01.16"]
[Round "1"]
[White "SaraBlackPanther"]
[Black "ImportedItalianMaple"]
[Result "1-0"]
[WhiteElo "2727"]
[BlackElo "2393"]
[TimeControl "180+1"]
[EndTime "8:05:07 PST"]
[Termination "SaraBlackPanther won by resignation"]

1. d4 d6 2. e4 e5 3. Nf3 Nd7 4. Nc3 Ngf6 5. Bc4 Be7 6. O-O c6 7. h3 Qc7 8. Re1 b5 9. Bb3 b4 10. Na4 h6 11. dxe5 dxe5 12. a3 bxa3 13. bxa3 c5 14.
Nb2 Nb6 15. Nc4 Nxc4 16. Bxc4 O-O 17. Bb2 Nd7 18. Qe2 Re8 19. Red1 Bb7 20. Rxd7 Qxd7 21. Nxe5 Qc7 22. Bxf7+ Kh7 23. Bg6+ Kh8 24. Qh5 Red8 25. Nf7+ Kg8 26. Nxh6+ gxh6 27. Qxh6 1-0

[Event "Early-Titled-Tuesday-Blitz-January-16-2024"]
[Site "Chess.com"]
[Date "2024.01.16"]
[Round "1"]
[White "Firouzja2003"]
[Black "bitter-cikolata"]
[Result "1-0"]
[WhiteElo "3157"]
[BlackElo "2545"]
[TimeControl "180+1"]
[EndTime "8:05:11 PST"]
[Termination "Firouzja2003 won by checkmate"]

1. e4 e5 2. Nf3 Nc6 3. Bb5 a6 4.
Ba4 Nf6 5. O-O Be7 6. Re1 b5 7. Bb3 O-O 8. d3 d5 9. exd5 Nxd5 10.
h3 Bf6 11. a4 Rb8 12. axb5 axb5 13. Nbd2 Bb7 14. Ne4 Be7 15. c3 Kh8 16. Nfg5 h6 17.
Qh5 Kg8 18. Nf3 Nf6 19. Qg6 Kh8 20. Bxf7 Nxe4 21. Bxh6 Rxf7 22. Qxf7 gxh6 23. Rxe4 Qg8 24. Qh5 Qg7 25. Rg4 Qf6 26. Rg6 Qf4 27. Rxh6+ Kg7 28. Qg6+ Kf8 29. Rh8# 1-0

[Event "Early-Titled-Tuesday-Blitz-January-16-2024"]
[Site "Chess.com"]
[Date "2024.01.16"]
[Round "1"]
[White "IMRosen"]
[Black "ClayK1ng"]
[Result "1-0"]
[WhiteElo "2648"]
[BlackElo "2310"]
[TimeControl "180+1"]
[EndTime "8:05:11 PST"]
[Termination "IMRosen won by resignation"]

1. d4 Nf6 2. Bf4 c5 3. e3 e6 4. Nf3 b6 5. Nbd2 cxd4 6. exd4 Be7 7. c3 O-O 8. Bd3 d6 9. O-O Ba6 10. Nc4 Nh5 11. Be3 Qc8 12. Qe2 Nd7 13. Rfe1 h6 14.
Nxd6 Bxd6 15. Bxa6 Qc7 16. Bd3 Rfe8 17. Ne5 Bxe5 18.
Qxh5 Bf6 19. Qg4 Rad8 20. Rad1 Be7 21. Bxh6 1-0

[Event "Early-Titled-Tuesday-Blitz-January-16-2024"]
[Site "Chess.com"]
[Date "2024.01.16"]
[Round "1"]
[White "Perecke"]
[Black "DraningWaterHi"]
[Result "1-0"]
[WhiteElo "2575"]
[BlackElo "2135"]
[TimeControl "180+1"]
[EndTime "8:05:11 PST"]
[Termination "Perecke won by resignation"]

1. e4 e5 2. Nf3 Nc6 3. Bb5 a6 4. Ba4 Nf6 5. O-O Be7 6. Re1 b5 7. Bb3 O-O 8. a4 b4 9. d3 Bb7 10. Nbd2 Re8 11. Nc4 Bf8 12. a5 d6 13. c3 bxc3 14.
bxc3 g6 15. Bg5 h6 16. Bd2 Bg7 17. Rb1 Rb8 18. Ne3 Nd7 19. Qc2 Nxa5 20. Bxf7+ Kxf7 21. Qa2+ Kf8 22. Qxa5 Kg8 23. Rxb7 Rxb7 24. Qd5+ Kh7 25. Qxb7 Nc5 26. Qd5 c6 27. Qc4 Qd7 28. Bc1 Qb7 29. Ba3 Ne6 30. Bxd6 Nf4 31. g3 Ne6 32. Bxe5 Bxe5 33.
Nxe5 Ng5 34. N3g4 Qb2 35. Nf6+ Kh8 36. Nf7+ 1-0

[Event "Early-Titled-Tuesday-Blitz-January-16-2024"]
[Site "Chess.com"]
[Date "2024.01.16"]
[Round "1"]
[White "Durarbayli"]
[Black "Schachmalanders"]
[Result "1-0"]
[WhiteElo "2834"]
[BlackElo "2453"]
[TimeControl "180+1"]
[EndTime "8:05:13 PST"]
[Termination "Durarbayli won by resignation"]

1. c4 c5 2. Nc3 Nc6 3. Nf3 e5 4.
g3 g6 5. Bg2 Bg7 6. O-O Nge7 7.
a3 O-O 8. b4 cxb4 9. axb4 Nxb4 10. Ba3 Nbc6 11. Bd6 f5 12. e4 Qe8 13. Nb5 fxe4 14.
Ng5 Nd4 15. Nc7 Qd8 16. Nxa8 Ndf5 17. Nxe4 Nxd6 18. Nxd6 Nc6 19. c5 e4 20. Qb3+ Kh8 21.
Nf7+ Rxf7 22. Qxf7 Ne5 23. Qd5 Nf3+ 24. Bxf3 exf3 25.
Rxa7 Qf6 26. Nb6 1-0

[Event "Early-Titled-Tuesday-Blitz-January-16-2024"]
[Site "Chess.com"]
[Date "2024.01.16"]
[Round "1"]
[White "ElDivis"]
[Black "mr_gustavo"]
[Result "1-0"]
[WhiteElo "2441"]
[BlackElo "2770"]
[TimeControl "180+1"]
[EndTime "8:05:15 PST"]
[Termination "ElDivis won by checkmate"]

1. d4 c6 2. e4 d5 3. e5 c5 4.
dxc5 Nc6 5. f4 e6 6. Be3 d4 7.
Bf2 Bxc5 8. Nf3 Nge7 9. Bd3 O-O 10. Bxh7+ Kxh7 11. Ng5+ Kg6 12. Qg4 f5 13. Qg3 Qa5+ 14.
Nd2 Bd7 15. O-O Bb6 16. Nc4 Qd5 17. Nd6 Rg8 18. Nxe6+ Kh7 19. Qh4+ Kg6 20. Qg5+ Kh7 21.
Qh5# 1-0

[Event "Early-Titled-Tuesday-Blitz-January-16-2024"]
[Site "Chess.com"]
[Date "2024.01.16"]
[Round "1"]
[White "Korchmar_Vasiliy"]
[Black "Chessbard1972"]
[Result "1-0"]
[WhiteElo "2753"]
[BlackElo "2405"]
[TimeControl "180+1"]
[EndTime "8:05:15 PST"]
[Termination "Korchmar_Vasiliy won by checkmate"]

1. e4 e5 2. Nf3 Nc6 3. Bc4 Bc5 4. c3 Nf6 5. d3 h6 6. b4 Bb6 7.
a4 a6 8. O-O d6 9. Nbd2 O-O 10.
Re1 Be6 11. Rb1 Ne7 12. Bxe6 fxe6 13. Nc4 Ba7 14. d4 exd4 15. cxd4 Ng6 16. Qc2 Qe7 17. e5 dxe5 18. Qxg6 exd4 19. Bxh6 Rae8 20. Nce5 Nd5 21. Ng5 Nf6 22. Ng4 Kh8 23. Nxf6 gxf6 24. Bxf8 Rxf8 25. Qh6+ Kg8 26. Nxe6 Re8 27. Qg6+ Kh8 28. Re4 f5 29. Rh4+ Qxh4 30. Qg7# 1-0

[Event "Early-Titled-Tuesday-Blitz-January-16-2024"]
[Site "Chess.com"]
[Date "2024.01.16"]
[Round "1"]
[White "RandomNoob04"]
[Black "KnightmareJoker"]
[Result "1-0"]
[WhiteElo "2567"]
[BlackElo "2086"]
[TimeControl "180+1"]
[EndTime "8:05:19 PST"]
[Termination "RandomNoob04 won by resignation"]

1. e4 e5 2. d4 exd4 3. Qxd4 Nc6 4. Qe3 Nf6 5. e5 Nd5 6. Qe4 Nb6 7. Nf3 Bc5 8. Nc3 h6 9. Bd3 Qe7 10. Bf4 d6 11.
exd6 cxd6 12. Nb5 Qxe4+ 13. Bxe4 O-O 14. Bxd6 Bxd6 15. Nxd6 Rd8 16. O-O-O Rb8 17. Bxc6 bxc6 18. Ne5 Bb7 19. Nxb7 Rxd1+ 20. Rxd1 Rxb7 21. Nxc6 Nc4 22. b3 Nb6 23. c4 Kh7 24. Nd4 a5 25. a4 Nd7 26. Kc2 Nc5 27. Nb5 Re7 28. Rd5 Re2+ 29. Kd1 Rd2+ 30. Rxd2 1-0

[Event "Early-Titled-Tuesday-Blitz-January-16-2024"]
[Site "Chess.com"]
[Date "2024.01.16"]
[Round "1"]
[White "MasterofMasters2006"]
[Black "AldokhinIvan"]
[Result "0-1"]
[WhiteElo "2222"]
[BlackElo "2599"]
[TimeControl "180+1"]
[EndTime "8:05:21 PST"]
[Termination "AldokhinIvan won by resignation"]

1. d4 Nf6 2. c4 e6 3. Nf3 c5 4. d5 exd5 5. cxd5 d6 6. Nc3 g6 7. Bf4 a6 8. a4 Bg7 9. e3 Bg4 10. h3 Bxf3 11. Qxf3 O-O 12. Be2 Qe7 13. O-O Nbd7 14. Rfd1 Nh5 15. Bh2 Ne5 16. Qe4 f5 17. Qc2 Nf6 18. Rac1 Rae8 19. a5 Nfd7 20. Na4 g5 21.
Bxe5 Nxe5 22. Nb6 g4 23. hxg4 fxg4 24. Qa4 Qh4 25. g3 Qh3 26. Qe4 Nf3+ 27. Bxf3 gxf3 0-1

[Event "Early-Titled-Tuesday-Blitz-January-16-2024"]
[Site "Chess.com"]
[Date "2024.01.16"]
[Round "1"]
[White "LoScecco"]
[Black "Mikayel99"]
[Result "0-1"]
[WhiteElo "2176"]
[BlackElo "2582"]
[TimeControl "180+1"]
[EndTime "8:05:21 PST"]
[Termination "Mikayel99 won by resignation"]

1. c4 c6 2. Nf3 d5 3. e3 Nf6 4. b3 g6 5. Bb2 Bg7 6. d4 O-O 7. Nbd2 Bg4 8. Be2 Nbd7 9. O-O Re8 10. h3 Bxf3 11. Nxf3 Ne4 12. Qc2 Rc8 13. Bd3 Nef6 14.
Rfd1 e6 15. Ne5 Nxe5 16. dxe5 Nd7 17. f4 Qb6 18. Qf2 Nc5 19. Bd4 Nxd3 20. Rxd3 c5 21. Bb2 dxc4 22. Rc3 cxb3 23. Rxb3 Qc6 24. Rc1 b6 25.
Qf1 Red8 26. Bc3 Qe4 27. Be1 c4 28. Rb4 Qxe3+ 29. Bf2 Qxf4 30. Rbxc4 Rxc4 31. Rxc4 Qxe5 32. Ra4 Qh5 33. Qa6 Qd1+ 34. Kh2 Be5+ 35. Bg3 Bxg3+ 36. Kxg3 Qd6+ 37. Kf3 Qd3+ 38. Qxd3 Rxd3+ 39. Ke2 Rd7 0-1

[Event "Early-Titled-Tuesday-Blitz-January-16-2024"]
[Site "Chess.com"]
[Date "2024.01.16"]
[Round "1"]
[White "Zheenbekov86"]
[Black "A-Fier"]
[Result "0-1"]
[WhiteElo "2438"]
[BlackElo "2805"]
[TimeControl "180+1"]
[EndTime "8:05:24 PST"]
[Termination "A-Fier won by resignation"]

1. d4 Nf6 2. Nf3 e6 3. c4 c5 4. d5 exd5 5. cxd5 d6 6. Nc3 g6 7. g3 Bg7 8. Bg2 O-O 9. O-O Re8 10. Nd2 a6 11. a4 Nbd7 12. Nc4 Ne5 13. Nxe5 Rxe5 14.
Bf4 Rh5 15. h4 Bg4 16. Qd2 h6 17. a5 Nh7 18. Ra4 Bd7 19. Raa1 g5 20. hxg5 Nxg5 21. Bxg5 hxg5 22. Na4 Bg4 23. Nb6 Rb8 24. Ra4 Bh3 25.
Bxh3 Rxh3 26. b4 Qf6 27. bxc5 Qh6 28. Kg2 Rh2+ 29. Kf3 Re8 30. Rg4 Qf6+ 0-1